MWL (24 & UNDER)
LEE'S SUMMIT TIGERS @ CINCINNATI PRIDE
04/27/2027
 
TOP OF THE 1ST
Lee's Summit Tigers batting - Pitching for Cincinnati Pride : LHP Kent Smith
Pitching: LHP Kent Smith
Batting: SHB Juan Glaviz 0-0: Ball
1-0: DOUBLE (Line Drive, 9)
Batting: LHB Dale Miller 0-0: Foul Ball, location: 2F
0-1: Fly out, F4 (Line Drive, 4)
Lined into DP, 4-6 (Line Drive, 4)
Batting: RHB Oliver Todd 0-0: Ball
1-0: Ball
2-0: Ground out 4-3 (Groundball, 4)
Top of the 1st over - 0 run(s), 1 hit(s), 0 error(s), 0 left on base; Lee's Summit 0 - Cincinnati 0
BOTTOM OF THE 1ST
Cincinnati Pride batting - Pitching for Lee's Summit Tigers : LHP Marcos Flores
Pitching: LHP Marcos Flores
Batting: SHB Jaime Martínez 0-0: Ball
1-0: Called Strike
1-1: Called Strike
1-2: Ground out 5-3 (Groundball, 5)
Batting: RHB George Martin 0-0: Ball
1-0: Fly out, F8 (Flyball, 8RD)
Batting: LHB John Clark 0-0: Fly out, F7 (Flyball, 7)
Bottom of the 1st over - 0 run(s), 0 hit(s), 0 error(s), 0 left on base; Lee's Summit 0 - Cincinnati 0
TOP OF THE 2ND
Lee's Summit Tigers batting - Pitching for Cincinnati Pride : LHP Kent Smith
Batting: RHB Rusty Bennett 0-0: Ball
1-0: Ball
2-0: Ball
3-0: Called Strike
3-1: Called Strike
3-2: SINGLE (Flyball, 89S)
Batting: LHB Milo Powers 0-0: Called Strike
0-1: Ball
1-1: Ball
2-1: Foul Ball, location: 2F
2-2: Ball
3-2: Foul Ball, location: 2F
3-2: Base on Balls
Rusty Bennett to second
Batting: RHB Steven Wright 0-0: Ball
1-0: Called Strike
1-1: DOUBLE (Groundball, 5L)
Rusty Bennett scores
Milo Powers to third
Batting: RHB Michael Hall 0-0: Ball
1-0: Ball
2-0: Ball
3-0: Called Strike
3-1: Ground out 4-3 (Groundball, 4)
Milo Powers scores
Steven Wright to third
Batting: RHB Jorge Barbosa 0-0: Called Strike
0-1: Called Strike
0-2: Ground out 6-3 (Groundball, 6M)
Steven Wright scores
Batting: RHB Kyle Baylor 0-0: Foul Ball, location: 2F
0-1: Ball
1-1: Ball
2-1: Ground out 1-3 (Groundball, 15)
Top of the 2nd over - 3 run(s), 2 hit(s), 0 error(s), 0 left on base; Lee's Summit 3 - Cincinnati 0
BOTTOM OF THE 2ND
Cincinnati Pride batting - Pitching for Lee's Summit Tigers : LHP Marcos Flores
Batting: RHB Jorge Flores 0-0: Ball
1-0: Called Strike
1-1: Ball
2-1: Ball
3-1: Foul Ball, location: 2F
3-2: Ground out 6-3 (Groundball, 6)
Batting: RHB Keith Sheehan 0-0: Called Strike
0-1: Called Strike
0-2: Fly out, F9 (Flyball, 89S)
Batting: RHB Dave Crawford 0-0: Ball
1-0: Ball
2-0: Ball
3-0: Base on Balls
Batting: RHB Francis Land 0-0: Ball
1-0: Called Strike
1-1: Hit by Pitch
Dave Crawford to second
Batting: SHB Jorge Maldonado 0-0: Called Strike
0-1: Swinging Strike
0-2: Ball
1-2: Ball
2-2: Foul Ball, location: 2F
2-2: Foul Ball, location: 2F
2-2: Strikes out swinging
Bottom of the 2nd over - 0 run(s), 0 hit(s), 0 error(s), 2 left on base; Lee's Summit 3 - Cincinnati 0
TOP OF THE 3RD
Lee's Summit Tigers batting - Pitching for Cincinnati Pride : LHP Kent Smith
Batting: SHB Juan Glaviz 0-0: Fly out, F9 (Flyball, 9LMF)
Batting: LHB Dale Miller 0-0: Called Strike
0-1: Foul Ball, location: 2F
0-2: Ball
1-2: Ball
2-2: Ground out 4-3 (Groundball, 4)
Batting: RHB Oliver Todd 0-0: Foul Ball, location: 2F
0-1: Swinging Strike
0-2: Ball
1-2: Ball
2-2: Ball
3-2: Base on Balls
Batting: RHB Rusty Bennett 0-0: Fly out, F9 (Flyball, 89D)
Top of the 3rd over - 0 run(s), 0 hit(s), 0 error(s), 1 left on base; Lee's Summit 3 - Cincinnati 0
BOTTOM OF THE 3RD
Cincinnati Pride batting - Pitching for Lee's Summit Tigers : LHP Marcos Flores
Batting: RHB Burkhard Bittinger 0-0: SINGLE (Flyball, 8LS)
Batting: SHB Jaime Martínez 0-0: Foul Ball, location: 2F
0-1: Ball
1-1: Fly out, F9 (Flyball, 89M)
Batting: RHB George Martin 0-0: Ball
1-0: Foul Ball, location: 2F
1-1: Swinging Strike
1-2: Grounds into double play, 6-4-3 (Groundball, 6)
Bottom of the 3rd over - 0 run(s), 1 hit(s), 0 error(s), 0 left on base; Lee's Summit 3 - Cincinnati 0
TOP OF THE 4TH
Lee's Summit Tigers batting - Pitching for Cincinnati Pride : LHP Kent Smith
Batting: LHB Milo Powers 0-0: Foul Ball, location: 2F
0-1: Fly out, F7 (Flyball, 78S)
Batting: RHB Steven Wright 0-0: Ball
1-0: Swinging Strike
1-1: Foul Ball, location: 2F
1-2: Ball
2-2: Strikes out swinging, 2-3 out at first.
Batting: RHB Michael Hall 0-0: Ball
1-0: Swinging Strike
1-1: Ball
2-1: Foul Ball, location: 2F
2-2: Foul Ball, location: 2F
2-2: Strikes out swinging
Top of the 4th over - 0 run(s), 0 hit(s), 0 error(s), 0 left on base; Lee's Summit 3 - Cincinnati 0
BOTTOM OF THE 4TH
Cincinnati Pride batting - Pitching for Lee's Summit Tigers : LHP Marcos Flores
Batting: LHB John Clark 0-0: Ball
1-0: Called Strike
1-1: Ball
2-1: Foul Ball, location: 2F
2-2: Ball
3-2: Ground out 5-3 (Groundball, 56)
Batting: RHB Jorge Flores 0-0: Ball
1-0: Called Strike
1-1: Ball
2-1: Swinging Strike
2-2: Strikes out swinging, 2-3 out at first.
Batting: RHB Keith Sheehan 0-0: Ball
1-0: Ball
2-0: Ball
3-0: Called Strike
3-1: Foul Ball, location: 2F
3-2: Base on Balls
Batting: RHB Dave Crawford 0-0: Called Strike
0-1: Foul Ball, location: 2F
0-2: Ball
1-2: Foul Ball, location: 2F
1-2: Ball
2-2: Foul Ball, location: 2F
2-2: Ball
3-2: Strikes out looking
Bottom of the 4th over - 0 run(s), 0 hit(s), 0 error(s), 1 left on base; Lee's Summit 3 - Cincinnati 0
TOP OF THE 5TH
Lee's Summit Tigers batting - Pitching for Cincinnati Pride : LHP Kent Smith
Batting: RHB Jorge Barbosa 0-0: Ground out 6-3 (Groundball, 6)
Batting: RHB Kyle Baylor 0-0: Called Strike
0-1: Called Strike
0-2: Strikes out looking
Batting: SHB Juan Glaviz 0-0: Called Strike
0-1: Ball
1-1: Foul Ball, location: 2F
1-2: Ball
2-2: Ball
3-2: Foul Ball, location: 2F
3-2: Foul Ball, location: 2F
3-2: SINGLE (Line Drive, 6MD)
Batting: LHB Dale Miller 0-0: Ball
1-0: Ball
2-0: Called Strike
2-1: Foul Ball, location: 2F
2-2: Ground out 1-3 (Groundball, 13S)
Top of the 5th over - 0 run(s), 1 hit(s), 0 error(s), 1 left on base; Lee's Summit 3 - Cincinnati 0
BOTTOM OF THE 5TH
Cincinnati Pride batting - Pitching for Lee's Summit Tigers : LHP Marcos Flores
Batting: RHB Francis Land 0-0: Fly out, F6 (Popup, 4MS)
Batting: SHB Jorge Maldonado 0-0: Ground out 6-3 (Groundball, 6)
Batting: RHB Burkhard Bittinger 0-0: Foul Ball, location: 2F
0-1: Ball
1-1: Foul Ball, location: 2F
1-2: SINGLE (Flyball, 9LM)
Batting: SHB Jaime Martínez 0-0: Ball
1-0: Swinging Strike
1-1: Called Strike
1-2: Ball
2-2: Strikes out looking
Bottom of the 5th over - 0 run(s), 1 hit(s), 0 error(s), 1 left on base; Lee's Summit 3 - Cincinnati 0
TOP OF THE 6TH
Lee's Summit Tigers batting - Pitching for Cincinnati Pride : LHP Kent Smith
Batting: RHB Oliver Todd 0-0: Called Strike
0-1: Ball
1-1: Ball
2-1: Foul Ball, location: 2F
2-2: Ball
3-2: Base on Balls
Batting: RHB Rusty Bennett 0-0: Called Strike
0-1: Ball
1-1: Ball
2-1: Foul Ball, location: 2F
2-2: SINGLE (Line Drive, 9S)
Oliver Todd to second
Runner from 2nd tries for 3rd, SAFE, no throw
Pitching: RHP Basilio Bea
Batting: LHB Milo Powers 0-0: Ball
1-0: Ball
2-0: Called Strike
2-1: Foul Ball, location: 2F
2-2: Ground out 6-3 (Groundball, 6)
Rusty Bennett to second
Batting: RHB Steven Wright 0-0: Called Strike
0-1: Fly out, F4 (Popup, 34D)
Batting: RHB Michael Hall 0-0: Ball
1-0: SINGLE (Groundball, 56D)
Oliver Todd scores
Rusty Bennett to third
Runner from 3rd tries for Home, SAFE, no throw
Batting: RHB Jorge Barbosa 0-0: Fielders Choice at 2nd, 5-4 (Groundball, 56)
Top of the 6th over - 2 run(s), 2 hit(s), 0 error(s), 0 left on base; Lee's Summit 5 - Cincinnati 0
BOTTOM OF THE 6TH
Cincinnati Pride batting - Pitching for Lee's Summit Tigers : LHP Marcos Flores
Batting: RHB George Martin 0-0: Foul Ball, location: 2F
0-1: Ground out 6-3 (Groundball, 56)
Batting: LHB John Clark 0-0: Called Strike
0-1: Ball
1-1: Foul Ball, location: 2F
1-2: SINGLE (Groundball, 6D)
Batting: RHB Jorge Flores 0-0: Ball
1-0: Fly out, F9 (Flyball, 9S)
Batting: RHB Keith Sheehan 0-0: Ball
1-0: Ball
2-0: Called Strike
2-1: Fly out, F9 (Flyball, 9)
Bottom of the 6th over - 0 run(s), 1 hit(s), 0 error(s), 1 left on base; Lee's Summit 5 - Cincinnati 0
TOP OF THE 7TH
Lee's Summit Tigers batting - Pitching for Cincinnati Pride : RHP Basilio Bea
Batting: RHB Kyle Baylor 0-0: Ball
1-0: Ball
2-0: Ball
3-0: Called Strike
3-1: Foul Ball, location: 2F
3-2: Foul Ball, location: 2F
3-2: Ground out 4-3 (Groundball, 4M)
Batting: SHB Juan Glaviz 0-0: Ball
1-0: Ball
2-0: Ball
3-0: Base on Balls
Batting: LHB Dale Miller 0-0: Ball
1-0: Called Strike
1-1: Called Strike
1-2: Ball
2-2: SINGLE (Line Drive, 89M)
Juan Glaviz to second
Batting: RHB Oliver Todd 0-0: Swinging Strike
0-1: Called Strike
0-2: Strikes out swinging
Batting: RHB Rusty Bennett 0-0: Ball
1-0: Ball
2-0: Ball
3-0: Called Strike
3-1: Reached via error on a dropped throw, E1
Juan Glaviz to third
Dale Miller to second
Batting: LHB Milo Powers 0-0: Called Strike
0-1: Ball
1-1: Ball
2-1: Ball
3-1: Foul Ball, location: 2F
3-2: Fly out, F8 (Flyball, 78S)
Top of the 7th over - 0 run(s), 1 hit(s), 1 error(s), 3 left on base; Lee's Summit 5 - Cincinnati 0
BOTTOM OF THE 7TH
Cincinnati Pride batting - Pitching for Lee's Summit Tigers : LHP Marcos Flores
Pitching: RHP António Cruz
Batting: RHB Dave Crawford 0-0: Called Strike
0-1: Fly out, F9 (Flyball, 9S)
Batting: RHB Francis Land 0-0: Ground out 4-3 (Groundball, 4)
Batting: SHB Jorge Maldonado 0-0: Ball
1-0: Ball
2-0: Called Strike
2-1: Ball
3-1: Base on Balls
Batting: RHB Burkhard Bittinger 0-0: Ball
1-0: Ball
2-0: Ball
3-0: Called Strike
3-1: Called Strike
3-2: SINGLE (Groundball, 56D)
Jorge Maldonado to second
Jorge Maldonado to third
Batting: SHB Jaime Martínez 0-0: Ball
1-0: Ball
2-0: Fly out, F3 (Line Drive, 3)
Bottom of the 7th over - 0 run(s), 1 hit(s), 0 error(s), 2 left on base; Lee's Summit 5 - Cincinnati 0
TOP OF THE 8TH
Lee's Summit Tigers batting - Pitching for Cincinnati Pride : RHP Basilio Bea
Batting: RHB Steven Wright 0-0: Ball
1-0: Ball
2-0: Fly out, F9 (Line Drive, 89M)
Pitching: LHP Josh Wall
Batting: RHB Michael Hall 0-0: Swinging Strike
0-1: Foul Ball, location: 2F
0-2: Strikes out swinging, 2-3 out at first.
Batting: RHB Jorge Barbosa 0-0: SINGLE (Line Drive, 78S)
Batting: RHB Kyle Baylor 0-0: Ball
1-0: Foul Ball, location: 2F
1-1: Ball
2-1: Foul Ball, location: 2F
2-2: Foul Ball, location: 2F
2-2: Foul Ball, location: 2F
2-2: Ball
3-2: Strikes out looking
Top of the 8th over - 0 run(s), 1 hit(s), 0 error(s), 1 left on base; Lee's Summit 5 - Cincinnati 0
BOTTOM OF THE 8TH
Cincinnati Pride batting - Pitching for Lee's Summit Tigers : RHP António Cruz
Now at C: Augusto Pérez
Batting: RHB George Martin 0-0: Ball
1-0: Called Strike
1-1: Foul Ball, location: 2F
1-2: Ball
2-2: Ball
3-2: SINGLE (Line Drive, 9S)
Batting: LHB John Clark 0-0: Grounds into double play, 4-6-3 (Groundball, 4)
Batting: RHB Jorge Flores 0-0: Called Strike
0-1: Ball
1-1: Ball
2-1: Called Strike
2-2: Foul Ball, location: 2F
2-2: Foul Ball, location: 2F
2-2: Strikes out looking
Bottom of the 8th over - 0 run(s), 1 hit(s), 0 error(s), 0 left on base; Lee's Summit 5 - Cincinnati 0
TOP OF THE 9TH
Lee's Summit Tigers batting - Pitching for Cincinnati Pride : LHP Josh Wall
Batting: SHB Juan Glaviz 0-0: Called Strike
0-1: Foul Ball, location: 2F
0-2: Strikes out swinging
Batting: LHB Dale Miller 0-0: Fly out, F8 (Flyball, 78D)
Batting: RHB Oliver Todd 0-0: Foul Ball, location: 2F
0-1: Ball
1-1: Swinging Strike
1-2: Strikes out swinging
Top of the 9th over - 0 run(s), 0 hit(s), 0 error(s), 0 left on base; Lee's Summit 5 - Cincinnati 0
BOTTOM OF THE 9TH
Cincinnati Pride batting - Pitching for Lee's Summit Tigers : RHP António Cruz
Now at 3B: Ricardo Rodríguez
Batting: RHB Keith Sheehan 0-0: Swinging Strike
0-1: Called Strike
0-2: Foul Ball, location: 2F
0-2: Ball
1-2: Ball
2-2: Strikes out swinging
Batting: RHB Dave Crawford 0-0: Ground out 6-3 (Groundball, 6)
Batting: RHB Francis Land 0-0: Ball
1-0: Ground out 5-3 (Groundball, 56)
Bottom of the 9th over - 0 run(s), 0 hit(s), 0 error(s), 0 left on base; Lee's Summit 5 - Cincinnati 0
Thursday, March 30th, 2017 - OOTP Baseball 17.12 Build 75